Map: Kairos Junction LE

Players

Madcoat

  • Race: Protoss Protoss
  • League: Gold
  • Spawn Location: 5:00

Shine - Winner!

  • Race: Zerg Zerg
  • League: Gold
  • Spawn Location: 11:00

VOD

Have the link to the VOD?

Description

Time

  • Played on: Feb. 21, 2019, 8:22 p.m.
  • Length: 9:01
Show
View Real Time Build Order
Export as new Build Order

Madcoat Protoss 

Build Orders:  

Get SALT Encoding   

  12  0:01  Probe  
  13  0:13  Probe  
  14  0:25  Pylon  
  14  0:27  Probe  
  15  0:40  Probe  
  15  0:48  Probe  
  16  0:53  Gateway  
  17  1:00  Gateway  
  17  1:01  Probe  
  18  1:06  Assimilator  
  18  1:09  Probe  
  18  1:12  Assimilator  
  18  1:18  Probe  
  19  1:23  Pylon  
  20  1:30  Probe  
  21  1:49  Probe, Cybernetics Core  
  22  2:01  Probe  
  23  2:04  Zealot  
  23  2:05  Zealot  
  26  2:13  Probe  
  27  2:20  Gateway x2  
  27  2:25  Probe  
  28  2:37  Probe  
  27  2:45  Adept  
  27  2:47  Sentry  
  27  2:50  Warp Gate  
  31  3:05  Nexus  
  31  3:15  Pylon  
  31  3:29  Assimilator  
  31  3:32  Assimilator  
  31  3:33  Probe  
  32  3:34  Stalker  
  34  3:44  Robotics Facility  
  34  3:54  Probe  
  35  3:56  Pylon  
  35  3:58  Pylon  
  35  4:25  Twilight Council  
  35  4:37  Probe x2  
  37  4:39  Warp Prism  
  37  5:02  Dark Shrine  
  37  5:11  Gateway  
  37  5:13  Pylon  
  37  5:17  Probe x2  
  39  5:25  Probe x2  
  39  5:33  Stalker x2  
  39  5:35  Probe x2  
  45  5:36  Observer  
  45  5:37  Gateway  
  45  5:38  Gateway  
  45  5:42  Gateway  
  48  5:46  Blink  
  48  5:55  Shield Battery  
  48  6:03  Probe  
  48  6:04  Probe  
  48  6:05  Pylon  
  50  6:11  Probe  
  50  6:12  Probe  
  50  6:16  Stalker  
  54  6:21  Probe x2  
  54  6:25  Forge  
  56  6:28  Forge  
  56  6:36  Warp Prism  
  52  6:58  Dark Templar x3  
  50  7:19  Dark Templar  
  52  7:27  Probe x2  
  52  7:35  Probe  
  52  7:36  Probe  
  54  7:45  Probe x2  
  54  7:54  Probe  
  54  7:58  Probe  
  54  8:02  Probe  
  54  8:07  Templar Archives  
  54  8:10  Probe  
  54  8:12  Probe  
  56  8:18  Stalker x2  
  56  8:19  Stalker  
  63  8:22  Probe  
  63  8:24  Shield Battery  
  64  8:34  Probe x2  
  66  8:46  Probe  
  63  8:53  Dark Templar x2  
Show
View Real Time Build Order
Export as new Build Order

Shine Zerg - Winner!

Build Orders: Pool First 

Get SALT Encoding   

  12  0:01  Drone  
  13  0:08  Drone  
  14  0:18  Overlord  
  14  0:24  Extractor, Drone  
  15  0:36  Drone x2  
  17  0:44  Drone  
  17  0:49  Extractor  
  17  0:53  Spawning Pool  
  17  0:56  Drone  
  17  1:29  Hatchery  
  16  1:40  Zergling x2  
  16  1:41  Zergling x4  
  16  1:43  Queen  
  21  1:48  Metabolic Boost  
  21  2:09  Drone  
  21  2:11  Overlord  
  22  2:26  Lair  
  22  2:29  Drone  
  23  2:30  Drone  
  23  2:47  Queen, Drone  
  26  2:52  Drone x2  
  26  2:53  Drone x2  
  26  2:54  Drone  
  31  3:01  Extractor  
  31  3:03  Drone  
  31  3:13  Drone  
  31  3:14  Drone x3  
  35  3:27  Extractor  
  35  3:29  Extractor  
  33  3:36  Drone  
  33  3:37  Drone x2  
  36  3:42  Spire  
  36  3:45  Overlord  
  36  3:47  Drone  
  36  4:10  Roach Warren  
  36  4:14  Zergling x2  
  36  4:15  Zergling x10  
  36  4:17  Zergling x2  
  42  4:25  Drone x2  
  42  4:27  Overlord  
  42  4:29  Overlord  
  43  4:59  Mutalisk x2  
  43  5:00  Mutalisk x4  
  55  5:12  Overlord x2  
  55  5:14  Drone  
  55  5:16  Drone  
  56  5:44  Mutalisk x2  
  56  5:45  Mutalisk x3  
  66  5:52  Mutalisk  
  66  5:54  Mutalisk  
  70  6:08  Drone x2  
  70  6:09  Overlord  
  70  6:10  Drone  
  70  6:11  Drone  
  74  6:24  Zerg Flyer Weapons Level 1  
  72  7:16  Overseer  
  72  7:17  Overseer  
  72  7:27  Roach x6  
  82  8:01  Hatchery  
  81  8:20  Hatchery  
  81  8:22  Overlord x2  
  81  8:23  Overlord  
  80  8:34  Spawning Pool  
Tags
 
League
GoldGold
Matchup
PvZ
Opening
Pool First
Replay Pack
20190221
Spawn Locations
Cross Positions
Add a new tag
Caveats
  • Supply blocks, unpowered buildings, or Contaminate may cause inaccurate times.
  • Supply counts are checked every 10 seconds.